 Dungeon Crawl Stone Soup version 0.30-a0-170-g85af917532 (webtiles) character file.

Game seed: 13908957542069477

77 Sobieck the Insei (level 4, -5/24 HPs)
             Began as a Vine Stalker Monk on Sept 30, 2022.
             Slain by an orc
             ... wielding a +0 trident
              (7 damage)
             ... on level 3 of the Dungeon.
             The game lasted 00:04:01 (2266 turns).

Sobieck the Insei (Vine Stalker Monk)               Turns: 2266, Time: 00:04:03

Health: -5/24      AC:  6    Str: 13    XL:     4   Next: 34%
Magic:  0/7        EV: 11    Int: 12    God:
Gold:   146        SH:  0    Dex: 17    Spells: 5/5 levels left

rFire   . . .      SeeInvis .      - Unarmed
rCold   . . .      Faith    .    (no shield)
rNeg    . . .      Spirit   +    l - +0 ring mail
rPois   +          Reflect  .    (no helmet)
rElec   .          Harm     .    (no cloak)
rCorr   .          Rampage  .    n - +0 pair of gloves
Will    .....                    (no boots)
Stlth   ++........               (no amulet)
HPRegen 0.88/turn                x - ring of poison resistance
MPRegen 0.10/turn                (no ring)

@: no status effects
A: fangs 2, regeneration 1, magic shield, antimagic bite, no potion heal 2
a: no special abilities


You were on level 3 of the Dungeon.
You visited 1 branch of the dungeon, and saw 3 of its levels.

You collected 146 gold pieces.


Innate Abilities, Weirdness & Mutations

You have extremely sharp teeth.
Your natural rate of healing is unusually fast.
When hurt, damage is shared between your health and your magic reserves.
Your bite disrupts and absorbs the magic of your enemies.
Potions cannot restore your health.


   Skills:
 + Level 3.1 Fighting
 + Level 2.8 Dodging
 - Level 2.4 Stealth
 * Level 3.9 Unarmed Combat
 + Level 1.4 Spellcasting


You had 5 spell levels left.
You didn't know any spells.
Your spell library contained the following spells:

 Spells                   Type           Power      Damage    Failure   Level
 Magic Dart               Conj           0%         1d3       54%         1
 Necrotise                Necr           0%         1d4       54%         1
 Call Imp                 Summ           0%         N/A       67%         2
 Dazzling Flash           Conj/Hex       0%         N/A       88%         3
 Mephitic Cloud           Conj/Pois/Air  0%         N/A       88%         3
 Vampiric Draining        Necr           0%         2d6       88%         3
 Agony                    Necr           0%         N/A       100%        5
 Silence                  Hex/Air        0%         N/A       100%        5

Inventory:

Missiles
 g - 11 stones (quivered) {throwing}
 o - 5 boomerangs {throwing}
 v - 6 javelins {throwing}
Armour
 a - a +0 robe
 c - a +0 leather armour
   (You found it on level 1 of the Dungeon)
 j - a +0 chain mail
   (You found it on level 1 of the Dungeon)
 l - a +0 ring mail (worn)
   (You found it on level 1 of the Dungeon)
 m - a +0 chain mail
   (You found it on level 1 of the Dungeon)
 n - a +0 pair of gloves (worn)
   (You found it on level 1 of the Dungeon)
 r - a +0 ring mail
   (You found it on level 2 of the Dungeon)
 w - a +0 robe
   (You found it on level 3 of the Dungeon)
 y - a +0 leather armour
   (You found it on level 3 of the Dungeon)
 z - a +0 leather armour
   (You found it on level 3 of the Dungeon)
 C - a +0 scale mail
   (You took it off an orc on level 3 of the Dungeon)
Jewellery
 x - a ring of poison resistance (left hand)
   (You found it on level 3 of the Dungeon)
Scrolls
 e - 2 scrolls of identify {unknown}
 h - 3 scrolls of teleportation {unknown}
 k - a scroll of fog {unknown}
 q - a scroll of torment {unknown}
 u - a scroll of immolation {unknown}
 A - a scroll of magic mapping {unknown}
 B - a scroll of fear {unknown}
Potions
 b - a potion of ambrosia
 d - a potion of resistance {unknown}
 f - 2 potions of attraction {unknown}
 i - 2 potions of curing {unknown}
 p - a potion of mutation {unknown}
 s - a potion of flight {unknown}
 t - a potion of lignification {unknown}

Dungeon Overview and Level Annotations

Branches:
Dungeon (3/15) Zot: 15743

Altars:

Shops:
D:1

* #######
##.......
.........
#.#######
#........
#.......#
#w.o.....
#######.#
#oo......
##.###@{......
#.>...........
#.............
#..########.##
#..# #
#..#####
#......#
##.###.# #.#


You could see a dart slug and 3 orcs.


Message History

An orc comes into view. It is wielding a +0 club.
Danger!
The orc hits you but does no damage.
You hit the orc. The orc barely misses you.
You barely miss the orc. The orc barely misses you.
You hit the orc.
You kill the orc!
No target in view!
You see here a +0 club {mace}.
A - a scroll labelled RUCAONL GUCAAF
B - a scroll labelled AFIANL MEFAISK An orc comes into view.
It is wielding a +0 short sword.
Danger!
The orc shouts!
You hit the orc. The orc hits you with a +0 short sword.
You hit the orc but do no damage. Your bite misses the orc.
The orc completely misses you.
You closely miss the orc. You bite the orc, but do no damage.
The orc barely misses you.
You hit the orc but do no damage. You bite the orc, but do no damage.
The orc barely misses you.
You hit the orc. You punch the orc, but do no damage.
You bite the orc, but do no damage. The orc barely misses you.
You closely miss the orc. You hit the orc.
You kill the orc!
No target in view!
o - 5 boomerangs {throwing} (gained 3);
C - a +0 scale mail
Things that are here:
a +0 short sword {short}; an orc corpse
Found a stone staircase leading up.
Unknown command.
Things that are here:
a +0 short sword {short}; an orc corpse You see here a +0 club {mace}.
Found a stone staircase leading down.
Unknown command.
h - 3 scrolls labelled NAAN MATTECRI (gained 1)
An orc comes into view. It is wielding a +0 trident.
The orc shouts!
The orc moves out of view.
An orc wizard comes into view. It is wielding a +0 dagger.
Danger! 2 orcs come into view.
The orc shouts!
A dart slug comes into view.
The orc shouts!
The dart slug launches a dart at you. The slug dart hits you.
The orc wizard gestures wildly while chanting.
The orc wizard flickers and vanishes!
Deactivating autopickup; reactivate with Ctrl-A.
Unknown command.
Unknown command.
You closely miss the orc. The orc barely misses you.
The orc hits you from afar with a +0 trident.
You closely miss the orc. The orc completely misses you.
You hit the orc. The orc hits you but does no damage.
You hear some strange, mumbled words.
A puff of flame appears from out of thin air!
The puff of flame hits you!
* * * LOW HITPOINT WARNING * * *
The orc hits you but does no damage.
Unknown command.
You closely miss something. You bite something.
The orc hits you but does no damage. Something hits you.
* * * LOW HITPOINT WARNING * * *
The orc completely misses you.
The orc hits you from afar with a +0 trident.
* * * LOW HITPOINT WARNING * * *
You barely miss something. The orc hits you but does no damage.
The orc misses you. Something hits you.
* * * LOW HITPOINT WARNING * * *
The orc closely misses you.
Unknown command.
You closely miss something. Your bite misses something.
The orc hits you but does no damage. x2; Something hits you.
* * * LOW HITPOINT WARNING * * *
Unknown command.
You closely miss something. You bite something. You drain its magic.
You feel invigorated. The orc hits you with a +0 whip.
Something barely misses you. The orc hits you but does no damage.
The orc hits you from afar with a +0 trident.
* * * LOW HITPOINT WARNING * * *
Unknown command.
You closely miss the orc. You bite the orc, but do no damage.
The orc hits you with a +0 whip.
* * * LOW HITPOINT WARNING * * *
Something hits you but does no damage. The orc barely misses you.
Unknown command.
You hit the orc. You bite the orc, but do no damage.
The orc hits you but does no damage. The orc hits you with a +0 whip.
* * * LOW HITPOINT WARNING * * *
Something hits you.
* * * LOW HITPOINT WARNING * * *
The orc hits you but does no damage.
Unknown command.
You barely miss the orc. You punch the orc. The orc completely misses you.
The orc hits you from afar with a +0 trident!
You die...

Skill      XL: |  1  2  3 |
---------------+----------+-----
Spellcasting   | 1 |  1.4
Fighting       | 3 |  3.1
Dodging        | |  2.8
Stealth        | |  2.4
Unarmed Combat | |  3.9

Action                   |  1- 3 |  4- 6 || total
-------------------------+-------+-------++-------
Melee: Unarmed           |   118 |    57 ||   175
       Bite              |    31 |    15 ||    46
       Punch             |     3 |     2 ||     5
 Stab: Sleeping          |     2 |       ||     2
Armor: Leather armour    |    16 |       ||    16
       Ring mail         |    23 |    21 ||    44
Dodge: Dodged            |    63 |    26 ||    89

Levels and vault maps discovered:
D:1:      minmay_arrival_plants_in_alcoves, layout_basic, serial_shops, shop,
          minmay_pentomino_p4
D:2:      layout_rooms, chequers_ecumenical_altar_simple_redux
D:3:      layout_basic, minmay_snake_closets

Notes
Turn   | Place    | Note
-------+----------+-------------------------------------------
     0 | D:1      | Sobieck the Vine Stalker Monk began the quest for the Orb.
     0 | D:1      | Reached XP level 1. HP: 11/11 MP: 2/2
    21 | D:1      | Found Gaukh's General Store.
   241 | D:1      | Reached XP level 2. HP: 9/16 MP: 3/3
   704 | D:1      | You pick up a book of Necromancy and begin reading...
   704 | D:1      | You add the spells Necrotise, Vampiric Draining and Agony
                  | to your library.
  1064 | D:1      | Reached XP level 3. HP: 19/19 MP: 5/5
  1312 | D:1      | Reached skill level 1 in Spellcasting
  1410 | D:2      | Reached skill level 3 in Fighting
  1440 | D:2      | You pick up a book of the Senses and begin reading...
  1440 | D:2      | You add the spells Dazzling Flash and Silence to your
                  | library.
  1470 | D:2      | Found a faded altar of an unknown god.
  1713 | D:2      | Gained mutation: Your natural rate of healing is unusually
                  | fast. [Vine Stalker growth]
  1713 | D:2      | Reached XP level 4. HP: 24/24 MP: 6/6
  1838 | D:2      | You pick up a book of Minor Magic and begin reading...
  1838 | D:2      | You add the spells Magic Dart, Call Imp and Mephitic Cloud
                  | to your library.
  2263 | D:3      | HP: 5/24 [orc/+0 trident (4)]
  2265 | D:3      | HP: 1/24 [something (2)]
  2266 | D:3      | Slain by an orc

Vanquished Creatures
  An adder (D:2)
  A worm (D:2)
  A dart slug (D:1)
  2 orcs (D:3)
  3 ball pythons
  9 endoplasms
  3 giant cockroaches
  6 hobgoblins
  A jackal (D:1)
  A quokka (D:2)
  5 bats
  3 frilled lizards
  10 goblins
  3 kobolds
  4 rats
53 creatures vanquished.

Table legend:
 A = Non-vault XP
 B = Vault XP
 C = Vault XP percentage of total XP
 D = Non-vault monster count
 E = Vault monster count
 F = Vault count percentage of total count
                 A         B        C        D         E       F
            +---------+---------+-------+---------+---------+-------
      Total |     105 |       6 |   5.4 |      49 |       4 |   7.5
            +---------+---------+-------+---------+---------+-------
        D:1 |      34 |       6 |  15.0 |      19 |       4 |  17.4
        D:2 |      57 |       0 |   0.0 |      24 |       0 |   0.0
        D:3 |      14 |       0 |   0.0 |       6 |       0 |   0.0
            +---------+---------+-------+---------+---------+-------

Illustrated notes

Table legend:
 A = Kills in this place as a percentage of kills in entire the game.
 B = Kills by you in this place as a percentage of kills by you in the entire game.
 C = Kills by friends in this place as a percentage of kills by friends in the entire game.
 D = Other kills in this place as a percentage of other kills in the entire game.
 E = Experience gained in this place as a percentage of experience gained in the entire game.
 F = Experience gained in this place divided by the number of levels of this place that you have seen.
                   A       B       C       D       E      F
               +-------+-------+-------+-------+-------+----------------------
         Total | 100.0 | 100.0 |   N/A |   N/A | 100.0 |  37.0
       Dungeon | 100.0 | 100.0 |   N/A |   N/A | 100.0 |  37.0
               +-------+-------+-------+-------+-------+----------------------

Table legend: (Time is in decaauts)
 A = Elapsed time spent in this place.
 B = Non-inter-level travel time spent in this place.
 C = Inter-level travel time spent in this place.
 D = Time resting spent in this place.
 E = Time spent auto-exploring this place.
 F = Levels seen in this place.
 G = Mean time per level.
                   A        B        C        D        E       F      G
               +--------+--------+--------+--------+--------+-----+--------+
         Total |   2255 |   2209 |     46 |    379 |   1443 |   3 |  751.7 |
       Dungeon |   2255 |   2209 |     46 |    379 |   1443 |   3 |  751.7 |
               +--------+--------+--------+--------+--------+-----+--------+

Top non-repeatable levels by time:
     D:1: 1402 daAuts
     D:2: 643 daAuts
     D:3: 209 daAuts
